 Dungeon Crawl Stone Soup version 0.21.0-24-g2553a33 (webtiles) character file.

2 tidbits the Grave Robber (level 1, -1/13 HPs)
             Began as a Gnoll Necromancer on Jan 20, 2018.
             Killed from afar by Natasha (8 damage)
             ... with a magic dart
             ... on level 2 of the Dungeon.
             The game lasted 00:00:34 (88 turns).

tidbits the Grave Robber (Gnoll Necromancer)          Turns: 88, Time: 00:00:34

Health: -1/13      AC:  2    Str: 10    XL:     1   Next: 30%
Magic:  2/6        EV: 14    Int: 17    God:
Gold:   35         SH:  0    Dex: 15    Spells: 8/9 levels left

rFire    . . .     SeeInvis .   e - +0 club
rCold    . . .     Gourm    .   (no shield)
rNeg     . . .     Faith    .   a - +0 robe
rPois    .         Spirit   .   (no helmet)
rElec    .         Reflect  .   (no cloak)
rCorr    .         Harm     .   (no gloves)
MR       .....                  (no boots)
Stlth    +++.......             (no amulet)
HPRegen  0.04/turn              (no ring)
MPRegen  0.10/turn              (no ring)

@: no status effects
A: distributed training, fangs 1, strong nose
a: no special abilities


You were on level 2 of the Dungeon.
You were not hungry.

You visited 1 branch of the dungeon, and saw 2 of its levels.

You collected 35 gold pieces.

Inventory:

Hand Weapons
 d - a +0 hunting sling
 e - a +0 club (weapon)
Armour
 a - a +0 robe (worn)
Books
 b - a book of Necromancy

   Spells                             Type                      Level
   a - Pain                           Necromancy                   1
   b - Animate Skeleton               Necromancy                   1
   c - Vampiric Draining              Necromancy                   3
   d - Regeneration                   Charms/Necromancy            3
   e - Animate Dead                   Necromancy                   4
   f - Borgnjor's Vile Clutch         Necromancy/Earth             5
Comestibles
 c - a ration


   Skills:
 + Level 0.0 Fighting
 + Level 0.0 Short Blades
 + Level 0.0 Long Blades
 + Level 0.0 Axes
 + Level 0.0 Maces & Flails
 + Level 0.0 Polearms
 + Level 0.0 Staves
 + Level 0.0 Slings
 + Level 0.0 Bows
 + Level 0.0 Crossbows
 + Level 0.0 Throwing
 + Level 0.0 Armour
 + Level 4.4 Dodging
 + Level 4.0 Stealth
 + Level 0.0 Shields
 + Level 0.0 Unarmed Combat
 + Level 4.8 Spellcasting
 + Level 0.0 Conjurations
 + Level 0.0 Hexes
 + Level 0.0 Charms
 + Level 0.0 Summonings
 + Level 7.0 Necromancy
 + Level 0.0 Translocations
 + Level 0.0 Transmutations
 + Level 0.0 Fire Magic
 + Level 0.0 Ice Magic
 + Level 0.0 Air Magic
 + Level 0.0 Earth Magic
 + Level 0.0 Poison Magic
 + Level 0.0 Invocations
 + Level 0.0 Evocations


You had 8 spell levels left.
You knew the following spells:

 Your Spells              Type           Power        Failure   Level  Hunger
a - Pain                  Necr           ####         1%          1    None


Dungeon Overview and Level Annotations

Branches:
Dungeon (2/15)

Altars:

Annotations:
D:2 Natasha


Innate Abilities, Weirdness & Mutations

Your experience applies equally to all skills.
You have very sharp teeth.
Your uncanny sense of smell can sniff out nearby items.


Message History

Welcome, tidbits the Gnoll Necromancer.
Will you be the one to retrieve the fabulous Orb of Zot from the depths?
Press ? for a list of commands and other information.
Found a hunting sling.
Found a staircase leading out of the dungeon.
You see here a hunting sling.
d - a hunting sling You open the door.
There is an open door here.
You open the door.
Found 10 gold pieces.
There is an open door here.
You now have 10 gold pieces.
There are no items here.
Autopickup is now off.
There is an open door here.
Found 18 sling bullets.
A giant cockroach comes into view.
Found 11 gold pieces.
Casting: Pain
Confirm with . or Enter, or press ? or * to list all spells.
Aiming: Pain
Press: ? - help, Shift-Dir - straight line, f - giant cockroach
Aim: a giant cockroach (chance to defeat MR: 93%)
The giant cockroach barely resists.
Casting: Pain
Confirm with . or Enter, or press ? or * to list all spells.
Aiming: Pain
Press: ? - help, Shift-Dir - straight line, f/p - giant cockroach
Aim: a giant cockroach (chance to defeat MR: 93%)
The giant cockroach writhes in agony!
Casting: Pain
Confirm with . or Enter, or press ? or * to list all spells.
Aiming: Pain
Press: ? - help, Shift-Dir - straight line, f/p - giant cockroach
Aim: a giant cockroach (lightly wounded, chance to defeat MR: 93%)
The giant cockroach writhes in agony!
You kill the giant cockroach!
You see here 11 gold pieces.
You now have 21 gold pieces (gained 11).
Magic restored.
Found a stone staircase leading down.
A bat comes into view.
Casting: Pain
Confirm with . or Enter, or press ? or * to list all spells.
Aiming: Pain
Press: ? - help, Shift-Dir - straight line, f - bat
Aim: a bat (resting, chance to defeat MR: 93%)
The bat writhes in agony!
You kill the bat!
Found 17 poisoned needles.
There is a stone staircase leading down here.
You climb downwards.
Found a club.
There is a stone staircase leading up here.
Unknown command.
You see here a club.
e - a club Wield which item (- for none, * to show all)? (? for menu, Esc to quit)
e - a +0 club (weapon)
Magic restored.
Found 14 gold pieces.
A rat and Natasha come into view.
You see here 14 gold pieces.
You now have 35 gold pieces (gained 14).
Natasha hisses angrily.
Found 12 gold pieces.
Casting: Pain
Confirm with . or Enter, or press ? or * to list all spells.
Aiming: Pain
Press: ? - help, Shift-Dir - straight line, f - Natasha
Aim: Natasha (chance to defeat MR: 84%) Natasha writhes in agony!
Casting: Pain
Confirm with . or Enter, or press ? or * to list all spells.
Aiming: Pain
Press: ? - help, Shift-Dir - straight line, f/p - Natasha
Aim: Natasha (lightly wounded, chance to defeat MR: 84%) Natasha writhes in agony!
The rat closely misses you.
Casting: Pain
Confirm with . or Enter, or press ? or * to list all spells.
Aiming: Pain
Press: ? - help, Shift-Dir - straight line, f/p - Natasha
Aim: Natasha (heavily wounded, chance to defeat MR: 84%) Natasha writhes in agony!
The rat closely misses you. Natasha misses you.
Casting: Pain
Confirm with . or Enter, or press ? or * to list all spells.
Aiming: Pain
Press: ? - help, Shift-Dir - straight line, f/p - Natasha
Aim: Natasha (almost dead, chance to defeat MR: 84%) Natasha barely resists.
The rat closely misses you. Natasha casts a spell at you.
The magic dart hits you!
Ouch! That really hurt!
You die...

.. .#####
### ∆
.....#....
##....#....
..........
###.........
#...h...# ∆
#.#.@r.##
#.......#
#...#.#.#
###.#.# #
#.#$# #.#.#
#.#.# #.#.#
#.#


You could see Natasha and a rat.

Vanquished Creatures
  A giant cockroach (D:1)
  A bat (D:1)
2 creatures vanquished.

Notes
Turn   | Place    | Note
-------+----------+-------------------------------------------
     0 | D:1      | tidbits the Gnoll Necromancer began the quest for the Orb.
     0 | D:1      | Reached XP level 1. HP: 13/13 MP: 6/6
    81 | D:2      | Noticed Natasha
    88 | D:2      | Killed from afar by Natasha

Action                   || total
-------------------------++-------
 Cast: Pain              ||     8
Dodge: Dodged            ||     4

Table legend:
 A = Turns spent in this place as a percentage of turns spent in the entire game.
 B = Non-inter-level travel turns spent in this place as a percentage of non-inter-level travel turns spent in the entire game.
 C = Inter-level travel turns spent in this place as a percentage of turns spent in this place.
 D = Turns resting spent in this place as a percentage of non-inter-level travel turns spent in this place.
 E = Turns spent auto-exploring this place as a percentage of non-inter-level travel turns spent in this place.
 F = Non-inter-level travel turns spent in this place divided by the number of levels of this place that you've seen.
                   A       B       C       D       E      F
               +-------+-------+-------+-------+-------+----------------------
         Total | 100.0 | 100.0 |   0.0 |   0.0 |   0.0 |  44.0
       Dungeon | 100.0 | 100.0 |   0.0 |   0.0 |   0.0 |  44.0
               +-------+-------+-------+-------+-------+----------------------

Table legend:
 A = Kills in this place as a percentage of kills in entire the game.
 B = Kills by you in this place as a percentage of kills by you in the entire game.
 C = Kills by friends in this place as a percentage of kills by friends in the entire game.
 D = Other kills in this place as a percentage of other kills in the entire game.
 E = Experience gained in this place as a percentage of experience gained in the entire game.
 F = Experience gained in this place divided by the number of levels of this place that you have seen.
                   A       B       C       D       E      F
               +-------+-------+-------+-------+-------+----------------------
         Total | 100.0 | 100.0 |   N/A |   N/A | 100.0 |   1.5
       Dungeon | 100.0 | 100.0 |   N/A |   N/A | 100.0 |   1.5
               +-------+-------+-------+-------+-------+----------------------

Vault maps used:
D:1:      dpeg_arrival_rooms_a
D:2:      chequers_temple_overflow_statue_of_worship,
          amethyst_overflow_temple_binary, uniq_natasha
